[ PARTIDA AOE2 · #479490632 ]
UnrankedEtíopes vs Cumans
[ ANÁLISIS DE REPETICIÓN · EXTRAÍDO DE LA PARTIDA GRABADA ]
Feudal
12:53
Castillos
27:54
Imperial
32:28
| APM promedio | 35.3 |
| APM pico | 83 |
| eAPM promedio | 14.9 |
| Aldeanos / militares | 115 / 21 |
Foco
⚔️ 19.5% · 🌾 80.5%
Spearman ×9 · Mangonel ×8 · Militia ×3 · Trebuchet (Packed) ×1
Feudal
14:01
Castillos
23:14
Imperial
35:04
| APM promedio | 28.7 |
| APM pico | 92 |
| eAPM promedio | 14.6 |
| Aldeanos / militares | 135 / 84 |
Foco
⚔️ 20.6% · 🌾 79.4%
Cavalry Archer ×84
Feudal
11:11
Castillos
17:43
Imperial
23:30
| APM promedio | 53.6 |
| APM pico | 101 |
| eAPM promedio | 36.5 |
| Aldeanos / militares | 68 / 145 |
Foco
⚔️ 50.8% · 🌾 49.2%
Gbeto ×138 · Fishing Ship ×32 · Trebuchet (Packed) ×6 · Petard ×1
Feudal
12:16
Castillos
15:50
Imperial
29:03
| APM promedio | 31.0 |
| APM pico | 58 |
| eAPM promedio | 19.3 |
| Aldeanos / militares | 102 / 212 |
Foco
⚔️ 27.6% · 🌾 72.4%
Huskarl ×202 · Fishing Ship ×53 · Bombard Cannon ×7 · Demolition Raft ×3 · Trade Cart ×1
Feudal
9:13
Castillos
15:28
Imperial
33:06
| APM promedio | 36.6 |
| APM pico | 74 |
| eAPM promedio | 20.7 |
| Aldeanos / militares | 143 / 12 |
Foco
⚔️ 21.8% · 🌾 78.2%
Chakram Thrower ×7 · Monk ×3 · Mangonel ×2
Feudal
11:06
Castillos
14:32
Imperial
30:23
| APM promedio | 34.2 |
| APM pico | 72 |
| eAPM promedio | 16.9 |
| Aldeanos / militares | 143 / 144 |
Foco
⚔️ 29.3% · 🌾 70.7%
Knight ×129 · Fishing Ship ×20 · Scorpion ×8 · Monk ×2 · Mangonel ×2 · Trebuchet (Packed) ×2
Feudal
11:38
Castillos
16:26
Imperial
30:20
| APM promedio | 26.4 |
| APM pico | 50 |
| eAPM promedio | 19.8 |
| Aldeanos / militares | 99 / 158 |
Foco
⚔️ 22.0% · 🌾 78.0%
Hand Cannoneer ×144 · Fishing Ship ×48 · Bombard Cannon ×11 · Trebuchet (Packed) ×2 · Monk ×1
Feudal
11:06
Castillos
15:52
Imperial
29:42
| APM promedio | 49.9 |
| APM pico | 119 |
| eAPM promedio | 28.4 |
| Aldeanos / militares | 165 / 296 |
Foco
⚔️ 26.3% · 🌾 73.7%
Spearman ×135 · Skirmisher ×64 · Hand Cannoneer ×59 · Bombard Cannon ×31 · Mangonel ×5 · Monk ×1
Mapa de la partida
Recursos iniciales + cada clic de construcción. Líneas = muros · curvas = relieve. ◆ oro · ⬟ piedra · ● bayas · ✦ reliquia · ◌ hueco del cierre
Tu base· ✓ Cerrada en 27:54 · 38t muro · sin puerta
Base de player0· ✓ Cerrada en 23:14 · 28t muro · 1 puerta(s)
Base de zaanosaurus· ✓ Cerrada en 17:43 · 51t muro · sin puerta
Base de Burmese Python· ✓ Cerrada en 15:50 · 0t muro · sin puerta
Base de Ez4u2nv· ✓ Cerrada en 15:28 · 37t muro · sin puerta
Base de Kn0wn· ✓ Cerrada en 14:32 · 23t muro · sin puerta
Base de Tchitchi· ✓ Cerrada en 16:26 · 0t muro · sin puerta
Base de chiu_sharon· ✓ Cerrada en 15:52 · 0t muro · sin puerta
Terreno inicial suavizado · ◌ = hueco del cierre detectado · pasá el cursor para detalles
Inputs por minuto
— jaszkowska.aleksandra - - player0
Build order — jaszkowska.aleksandra
Primeras 150 de 227 acciones detectadas
| 0:00 | Crear | Villager (Male) |
| 0:01 | Crear | Villager (Male) |
| 0:02 | Construir | House |
| 0:03 | Construir | House |
| 0:10 | Crear | Villager (Male) |
| 0:11 | Crear | Villager (Male) |
| 1:29 | Crear | Villager (Male) |
| 1:30 | Crear | Villager (Male) |
| 2:09 | Construir | Lumber Camp |
| 2:12 | Crear | Villager (Male) |
| 2:12 | Crear | Villager (Male) |
| 2:44 | Construir | Palisade Wall |
| 2:49 | Crear | Villager (Male) |
| 3:00 | Construir | Palisade Wall |
| 3:08 | Crear | Villager (Male) |
| 3:13 | Construir | House |
| 3:22 | Crear | Villager (Male) |
| 3:45 | Investigar | Loom |
| 4:05 | Construir | House |
| 4:20 | Crear | Villager (Male) |
| 4:20 | Crear | Villager (Male) |
| 4:28 | Crear | Villager (Male) |
| 5:51 | Crear | Villager (Male) |
| 6:31 | Crear | Villager (Male) |
| 6:52 | Crear | Villager (Male) |
| 7:05 | Crear | Villager (Male) |
| 7:40 | Construir | Palisade Wall |
| 7:48 | Crear | Villager (Male) |
| 7:48 | Crear | Villager (Male) |
| 7:53 | Construir | Mill |
| 8:04 | Crear | Villager (Male) |
| 8:45 | Crear | Villager (Male) |
| 8:55 | Crear | Villager (Male) |
| 9:10 | Construir | House |
| 9:11 | Construir | House |
| 9:30 | Crear | Villager (Male) |
| 10:10 | Crear | Villager (Male) |
| 10:42 | Investigar | Feudal Age |
| 10:48 | Construir | Mining Camp |
| 11:31 | Construir | Barracks |
| 11:46 | Construir | Farm |
| 11:48 | Construir | Farm |
| 11:54 | Construir | Farm |
| 11:59 | Crear | Villager (Male) |
| 12:19 | Crear | Militia |
| 12:23 | Crear | Militia |
| 12:52 | Crear | Villager (Male) |
| 12:53 | Edad | Edad Feudal |
| 13:01 | Construir | Watch Tower |
| 13:11 | Investigar | Man-at-Arms (upgrade) |
| 13:13 | Crear | Villager (Male) |
| 13:32 | Construir | Archery Range |
| 13:56 | Crear | Militia |
| 14:09 | Crear | Villager (Male) |
| 14:09 | Crear | Villager (Male) |
| 14:15 | Construir | Farm |
| 14:25 | Construir | Farm |
| 14:37 | Crear | Villager (Male) |
| 15:06 | Construir | House |
| 15:13 | Construir | Farm |
| 15:18 | Construir | Market |
| 15:42 | Construir | Stone Wall |
| 15:47 | Crear | Spearman |
| 15:48 | Crear | Spearman |
| 16:07 | Construir | House |
| 16:10 | Crear | Spearman |
| 16:16 | Crear | Villager (Male) |
| 16:16 | Crear | Villager (Male) |
| 16:28 | Crear | Villager (Male) |
| 16:38 | Construir | House |
| 17:01 | Crear | Villager (Male) |
| 17:03 | Crear | Spearman |
| 17:03 | Crear | Spearman |
| 17:09 | Construir | Barracks |
| 17:47 | Crear | Villager (Male) |
| 17:47 | Crear | Villager (Male) |
| 17:53 | Crear | Spearman |
| 17:53 | Crear | Spearman |
| 17:57 | Construir | House |
| 17:59 | Construir | House |
| 18:18 | Crear | Villager (Male) |
| 18:59 | Crear | Villager (Male) |
| 19:03 | Construir | House |
| 19:08 | Construir | Farm |
| 19:10 | Construir | Farm |
| 19:12 | Construir | Farm |
| 19:14 | Construir | Farm |
| 19:38 | Construir | Mining Camp |
| 19:44 | Crear | Villager (Male) |
| 20:00 | Construir | Watch Tower |
| 20:09 | Construir | Blacksmith |
| 20:09 | Construir | Blacksmith |
| 20:13 | Investigar | Wheelbarrow |
| 20:13 | Crear | Villager (Male) |
| 20:14 | Crear | Villager (Male) |
| 20:59 | Investigar | Fletching |
| 21:12 | Construir | Farm |
| 21:13 | Construir | Farm |
| 21:14 | Construir | Farm |
| 21:15 | Construir | Farm |
| 21:16 | Construir | Farm |
| 21:18 | Construir | Farm |
| 21:18 | Construir | Farm |
| 21:20 | Construir | Farm |
| 21:23 | Construir | Mill |
| 21:32 | Construir | House |
| 21:34 | Construir | House |
| 21:38 | Crear | Villager (Male) |
| 21:46 | Construir | Farm |
| 21:50 | Construir | Farm |
| 21:52 | Investigar | Horse Collar |
| 22:01 | Crear | Villager (Male) |
| 22:19 | Construir | Lumber Camp |
| 22:23 | Construir | Lumber Camp |
| 22:25 | Investigar | Double-Bit Axe |
| 22:29 | Construir | Farm |
| 22:56 | Crear | Villager (Male) |
| 23:50 | Crear | Villager (Male) |
| 23:51 | Crear | Villager (Male) |
| 24:43 | Construir | Farm |
| 24:45 | Construir | Farm |
| 24:51 | Construir | Farm |
| 25:00 | Construir | Stone Wall |
| 25:14 | Investigar | Castle Age |
| 25:26 | Construir | Farm |
| 25:51 | Construir | Stone Wall |
| 26:06 | Investigar | Gold Mining |
| 26:14 | Construir | Mining Camp |
| 26:16 | Crear | Villager (Male) |
| 26:43 | Construir | Stone Wall |
| 27:26 | Crear | Villager (Male) |
| 27:48 | Construir | Stone Wall |
| 27:54 | Edad | Edad de los Castillos |
| 27:59 | Crear | Villager (Male) |
| 28:06 | Construir | Castle |
| 28:18 | Crear | Villager (Male) |
| 28:53 | Crear | Villager (Male) |
| 29:18 | Investigar | Imperial Age |
| 29:34 | Investigar | Bodkin Arrow |
| 30:12 | Crear | Villager (Male) |
| 30:31 | Construir | Town Center |
| 30:35 | Crear | Villager (Male) |
| 31:15 | Crear | Villager (Male) |
| 31:36 | Investigar | Bow Saw |
| 31:40 | Crear | Villager (Male) |
| 31:41 | Crear | Villager (Male) |
| 31:58 | Construir | Town Center |
| 32:02 | Crear | Villager (Male) ×5 |
| 32:24 | Construir | Siege Workshop |
| 32:28 | Edad | Edad Imperial |
Build order — player0
Primeras 150 de 258 acciones detectadas
| 0:01 | Crear | Villager (Male) |
| 0:01 | Crear | Villager (Male) |
| 0:02 | Construir | House |
| 0:03 | Construir | House |
| 0:14 | Investigar | Loom |
| 0:14 | Crear | Villager (Male) |
| 0:23 | Crear | Villager (Male) |
| 0:23 | Crear | Villager (Male) |
| 0:24 | Crear | Villager (Male) |
| 1:27 | Construir | Palisade Wall |
| 1:32 | Construir | Palisade Wall |
| 2:09 | Construir | Lumber Camp |
| 2:16 | Crear | Villager (Male) |
| 2:52 | Crear | Villager (Male) |
| 2:52 | Crear | Villager (Male) |
| 3:55 | Crear | Villager (Male) |
| 3:55 | Crear | Villager (Male) |
| 4:12 | Construir | Palisade Wall |
| 4:30 | Construir | Palisade Wall |
| 5:02 | Crear | Villager (Male) |
| 5:14 | Crear | Villager (Male) |
| 6:18 | Crear | Villager (Male) |
| 6:18 | Crear | Villager (Male) |
| 6:18 | Crear | Villager (Male) |
| 6:27 | Construir | House |
| 6:33 | Construir | Palisade Wall |
| 6:34 | Construir | Palisade Wall |
| 7:36 | Construir | Palisade Wall |
| 7:41 | Crear | Villager (Male) |
| 7:41 | Crear | Villager (Male) |
| 7:41 | Crear | Villager (Male) |
| 7:41 | Crear | Villager (Male) |
| 7:47 | Construir | Palisade Wall |
| 7:50 | Construir | Palisade Wall |
| 8:10 | Crear | Villager (Male) |
| 8:17 | Construir | House |
| 8:44 | Crear | Villager (Male) |
| 9:11 | Crear | Villager (Male) |
| 9:11 | Crear | Villager (Male) |
| 9:11 | Crear | Villager (Male) |
| 9:20 | Construir | Mill |
| 10:01 | Crear | Villager (Male) |
| 10:01 | Crear | Villager (Male) |
| 10:16 | Construir | House |
| 10:24 | Construir | Mining Camp |
| 11:19 | Investigar | Feudal Age |
| 13:30 | Construir | Palisade Wall |
| 13:45 | Construir | Palisade Wall |
| 13:46 | Construir | Palisade Wall |
| 14:01 | Edad | Edad Feudal |
| 14:13 | Construir | Watch Tower |
| 14:27 | Crear | Villager (Male) |
| 14:27 | Crear | Villager (Male) |
| 16:02 | Crear | Villager (Male) |
| 16:02 | Crear | Villager (Male) |
| 16:06 | Construir | Lumber Camp |
| 16:07 | Construir | House |
| 16:14 | Construir | Town Center |
| 17:08 | Crear | Villager (Male) |
| 17:08 | Crear | Villager (Male) |
| 17:14 | Construir | Farm |
| 18:03 | Crear | Villager (Male) |
| 18:06 | Construir | Farm |
| 18:10 | Construir | Farm |
| 18:13 | Construir | Farm |
| 18:21 | Construir | Market |
| 18:49 | Construir | Palisade Gate |
| 18:57 | Crear | Villager (Male) |
| 18:57 | Crear | Villager (Male) |
| 19:01 | Construir | Farm |
| 19:02 | Construir | Farm |
| 19:04 | Construir | Farm |
| 19:39 | Construir | Blacksmith |
| 19:44 | Crear | Villager (Male) |
| 19:45 | Crear | Villager (Male) |
| 19:48 | Construir | Farm |
| 19:58 | Investigar | Wheelbarrow |
| 20:27 | Investigar | Castle Age |
| 20:56 | Construir | Mining Camp |
| 21:02 | Crear | Villager (Male) |
| 21:02 | Crear | Villager (Male) |
| 21:08 | Investigar | Double-Bit Axe |
| 21:10 | Investigar | Horse Collar |
| 21:31 | Construir | Lumber Camp |
| 21:55 | Crear | Villager (Male) |
| 21:55 | Crear | Villager (Male) |
| 22:00 | Construir | House |
| 22:33 | Crear | Villager (Male) |
| 22:34 | Crear | Villager (Male) |
| 22:35 | Crear | Villager (Male) |
| 22:39 | Construir | House |
| 22:40 | Construir | House |
| 22:42 | Construir | House |
| 22:43 | Construir | House |
| 22:52 | Crear | Villager (Male) |
| 23:14 | Edad | Edad de los Castillos |
| 23:27 | Construir | Castle |
| 24:34 | Crear | Villager (Male) |
| 24:34 | Crear | Villager (Male) |
| 24:35 | Crear | Villager (Male) |
| 24:35 | Crear | Villager (Male) |
| 24:38 | Construir | Town Center |
| 24:43 | Construir | Town Center |
| 25:05 | Construir | House |
| 25:05 | Construir | House |
| 25:06 | Construir | House |
| 25:08 | Construir | Farm |
| 25:20 | Crear | Villager (Male) ×5 |
| 25:42 | Construir | Farm |
| 25:47 | Construir | Farm |
| 25:48 | Construir | Farm |
| 25:49 | Construir | Farm |
| 25:50 | Construir | Farm |
| 25:55 | Construir | Farm |
| 25:56 | Construir | Farm |
| 25:57 | Construir | Mill |
| 26:07 | Crear | Villager (Male) ×5 |
| 26:10 | Construir | Farm |
| 26:11 | Construir | Farm |
| 26:14 | Construir | Farm |
| 26:17 | Construir | Farm |
| 26:17 | Construir | Farm |
| 26:18 | Crear | Villager (Male) |
| 26:18 | Crear | Villager (Male) |
| 26:21 | Crear | Villager (Male) ×3 |
| 26:25 | Construir | Farm |
| 26:33 | Construir | Farm |
| 26:39 | Construir | Farm |
| 26:40 | Construir | Farm |
| 26:42 | Crear | Villager (Male) |
| 26:45 | Crear | Villager (Male) |
| 26:48 | Construir | Farm |
| 26:54 | Crear | Villager (Male) |
| 27:11 | Construir | Farm |
| 27:15 | Construir | Farm |
| 27:20 | Construir | Farm |
| 27:22 | Crear | Villager (Male) ×5 |
| 27:40 | Construir | Farm |
| 27:41 | Construir | Farm |
| 27:46 | Construir | Farm |
| 27:52 | Crear | Villager (Male) ×5 |
| 27:58 | Construir | Farm |
| 27:59 | Construir | Farm |
| 28:06 | Construir | Farm |
| 28:10 | Construir | Farm |
| 28:14 | Crear | Villager (Male) ×5 |
| 28:21 | Construir | Farm |
| 28:39 | Construir | Farm |
| 28:40 | Construir | Farm |
| 28:43 | Construir | House |
Build order — zaanosaurus
Primeras 150 de 381 acciones detectadas
| 0:00 | Crear | Villager (Male) |
| 0:01 | Crear | Villager (Male) |
| 0:02 | Construir | House |
| 0:04 | Construir | House |
| 0:07 | Crear | Villager (Male) |
| 0:09 | Crear | Villager (Male) |
| 1:16 | Crear | Villager (Male) |
| 1:43 | Construir | Lumber Camp |
| 1:57 | Crear | Villager (Male) |
| 2:15 | Crear | Villager (Male) |
| 2:47 | Crear | Villager (Male) |
| 2:59 | Crear | Villager (Male) |
| 3:35 | Crear | Villager (Male) |
| 3:55 | Construir | Dock |
| 3:57 | Construir | House |
| 4:02 | Crear | Villager (Male) |
| 4:15 | Crear | Villager (Male) |
| 4:37 | Crear | Fishing Ship |
| 4:42 | Crear | Villager (Male) |
| 4:42 | Investigar | Loom |
| 4:44 | Crear | Villager (Male) |
| 4:50 | Construir | House |
| 5:26 | Crear | Villager (Male) |
| 5:38 | Crear | Villager (Male) |
| 5:38 | Crear | Fishing Ship |
| 5:45 | Construir | Palisade Wall |
| 5:47 | Crear | Villager (Male) |
| 5:59 | Crear | Villager (Male) |
| 6:05 | Construir | Palisade Wall |
| 6:20 | Crear | Villager (Male) |
| 6:22 | Crear | Fishing Ship |
| 6:29 | Construir | Palisade Wall |
| 6:35 | Crear | Villager (Male) |
| 6:43 | Construir | Palisade Wall |
| 7:00 | Construir | House |
| 7:23 | Crear | Villager (Male) |
| 7:31 | Construir | Palisade Wall |
| 7:32 | Crear | Villager (Male) |
| 7:32 | Crear | Villager (Male) |
| 7:32 | Crear | Villager (Male) |
| 7:45 | Crear | Fishing Ship |
| 7:54 | Construir | Palisade Wall |
| 7:55 | Construir | Palisade Wall |
| 8:17 | Crear | Villager (Male) |
| 8:26 | Construir | Palisade Wall |
| 8:32 | Construir | Palisade Wall |
| 8:33 | Construir | Palisade Wall |
| 8:34 | Construir | Palisade Wall |
| 8:36 | Construir | Palisade Wall |
| 8:37 | Construir | Palisade Wall |
| 8:39 | Construir | Palisade Wall |
| 8:42 | Construir | Palisade Wall |
| 8:50 | Construir | Palisade Wall |
| 8:51 | Construir | Palisade Wall |
| 8:53 | Construir | Palisade Wall |
| 8:56 | Construir | Palisade Wall |
| 9:01 | Investigar | Feudal Age |
| 9:10 | Construir | Lumber Camp |
| 9:15 | Crear | Fishing Ship |
| 9:30 | Construir | Mining Camp |
| 9:34 | Construir | Mining Camp |
| 10:17 | Construir | Mill |
| 10:22 | Crear | Fishing Ship |
| 11:02 | Crear | Villager (Male) |
| 11:11 | Edad | Edad Feudal |
| 11:12 | Construir | Outpost |
| 11:15 | Investigar | Double-Bit Axe |
| 11:18 | Investigar | Tech 906 |
| 11:18 | Investigar | Tech 906 |
| 11:26 | Construir | House |
| 11:32 | Construir | Stone Wall |
| 11:37 | Construir | Stone Wall |
| 11:38 | Construir | Stone Wall |
| 11:42 | Crear | Villager (Male) |
| 11:42 | Crear | Villager (Male) |
| 11:47 | Crear | Villager (Male) |
| 11:53 | Crear | Fishing Ship |
| 11:58 | Construir | House |
| 12:04 | Crear | Villager (Male) |
| 12:20 | Crear | Fishing Ship |
| 12:48 | Construir | Mining Camp |
| 13:12 | Crear | Villager (Male) |
| 13:15 | Construir | Market |
| 13:29 | Crear | Villager (Male) |
| 13:53 | Construir | Fish Trap |
| 14:02 | Crear | Villager (Male) |
| 14:24 | Construir | Blacksmith |
| 14:27 | Crear | Villager (Male) |
| 14:30 | Crear | Villager (Male) |
| 15:03 | Investigar | Castle Age |
| 15:31 | Construir | Fish Trap |
| 15:36 | Construir | Fish Trap |
| 15:37 | Crear | Villager (Male) |
| 15:55 | Construir | Fish Trap |
| 16:03 | Construir | Fish Trap |
| 16:22 | Construir | Fish Trap |
| 16:59 | Construir | Fish Trap |
| 17:00 | Crear | Villager (Male) |
| 17:21 | Construir | House |
| 17:33 | Crear | Villager (Male) |
| 17:43 | Edad | Edad de los Castillos |
| 17:55 | Construir | Fish Trap |
| 18:43 | Investigar | Bow Saw |
| 19:02 | Construir | Castle |
| 19:07 | Construir | House |
| 19:08 | Crear | Villager (Male) |
| 19:14 | Crear | Villager (Male) |
| 19:20 | Construir | House |
| 19:33 | Crear | Villager (Male) |
| 19:40 | Construir | Stone Wall |
| 20:18 | Crear | Fishing Ship |
| 20:20 | Investigar | Imperial Age |
| 20:23 | Crear | Gbeto |
| 20:30 | Construir | House |
| 20:33 | Construir | Lumber Camp |
| 21:09 | Crear | Gbeto |
| 21:10 | Crear | Gbeto |
| 21:10 | Crear | Gbeto |
| 21:17 | Crear | Petard |
| 21:29 | Crear | Gbeto |
| 21:30 | Crear | Gbeto |
| 21:40 | Construir | Fish Trap |
| 21:42 | Crear | Fishing Ship |
| 21:59 | Crear | Gbeto |
| 22:01 | Crear | Gbeto |
| 22:01 | Crear | Gbeto |
| 22:02 | Crear | Gbeto |
| 22:11 | Investigar | Fletching |
| 22:11 | Investigar | Fletching |
| 22:13 | Crear | Gbeto |
| 22:16 | Crear | Fishing Ship |
| 22:41 | Crear | Gbeto |
| 22:58 | Construir | Fish Trap |
| 23:08 | Construir | Fish Trap |
| 23:14 | Crear | Gbeto |
| 23:15 | Crear | Gbeto |
| 23:16 | Crear | Gbeto |
| 23:22 | Investigar | Bodkin Arrow |
| 23:27 | Crear | Gbeto |
| 23:30 | Edad | Edad Imperial |
| 23:31 | Crear | Trebuchet (Packed) |
| 23:45 | Crear | Gbeto |
| 23:50 | Investigar | Scale Mail Armor |
| 23:51 | Crear | Villager (Male) |
| 23:52 | Crear | Villager (Male) |
| 23:57 | Construir | Stone Wall |
| 23:58 | Crear | Gbeto |
| 24:10 | Crear | Trebuchet (Packed) |
| 24:22 | Crear | Gbeto |
| 24:47 | Investigar | Chain Mail Armor |
Build order — Burmese Python
Primeras 150 de 352 acciones detectadas
| 0:03 | Construir | House |
| 0:04 | Construir | House |
| 0:05 | Crear | Villager (Male) |
| 0:05 | Investigar | Loom |
| 0:05 | Crear | Villager (Male) |
| 0:06 | Crear | Villager (Male) |
| 0:06 | Crear | Villager (Male) |
| 0:06 | Crear | Villager (Male) |
| 1:36 | Crear | Villager (Male) |
| 2:04 | Construir | Lumber Camp |
| 2:05 | Crear | Villager (Male) |
| 2:05 | Crear | Villager (Male) |
| 2:27 | Crear | Villager (Male) |
| 2:51 | Crear | Villager (Male) |
| 3:03 | Construir | House |
| 3:03 | Construir | House |
| 3:36 | Crear | Villager (Male) |
| 3:37 | Crear | Villager (Male) |
| 3:41 | Crear | Villager (Male) |
| 3:58 | Crear | Villager (Male) |
| 4:09 | Construir | House |
| 4:46 | Crear | Villager (Male) |
| 5:29 | Crear | Villager (Male) |
| 5:47 | Construir | Dock |
| 5:55 | Crear | Villager (Male) |
| 5:57 | Crear | Villager (Male) |
| 5:57 | Crear | Villager (Male) |
| 6:10 | Investigar | Loom |
| 6:16 | Crear | Villager (Male) |
| 6:32 | Crear | Villager (Male) |
| 6:32 | Crear | Villager (Male) |
| 6:43 | Crear | Villager (Male) |
| 7:37 | Crear | Villager (Male) |
| 7:48 | Crear | Villager (Male) |
| 7:49 | Crear | Villager (Male) |
| 7:49 | Crear | Villager (Male) |
| 7:50 | Crear | Villager (Male) |
| 8:36 | Construir | Mining Camp |
| 9:12 | Investigar | Feudal Age |
| 9:32 | Construir | House |
| 9:36 | Crear | Fishing Ship |
| 9:37 | Crear | Fishing Ship |
| 10:43 | Construir | Mill |
| 11:03 | Crear | Fishing Ship |
| 11:44 | Crear | Villager (Male) |
| 11:44 | Crear | Villager (Male) |
| 12:16 | Edad | Edad Feudal |
| 12:22 | Construir | Market |
| 12:25 | Construir | Blacksmith |
| 12:36 | Crear | Fishing Ship |
| 12:36 | Crear | Fishing Ship |
| 12:53 | Construir | House |
| 13:10 | Investigar | Castle Age |
| 13:22 | Investigar | Double-Bit Axe |
| 14:26 | Crear | Villager (Male) |
| 14:26 | Crear | Villager (Male) |
| 15:26 | Investigar | Wheelbarrow |
| 15:50 | Edad | Edad de los Castillos |
| 15:54 | Construir | Town Center |
| 15:59 | Construir | Town Center |
| 16:04 | Crear | Villager (Male) |
| 16:27 | Crear | Villager (Male) |
| 16:28 | Investigar | Bow Saw |
| 16:29 | Crear | Villager (Male) |
| 16:29 | Crear | Villager (Male) |
| 17:04 | Crear | Villager (Male) |
| 17:15 | Construir | Dock |
| 17:18 | Investigar | Tech 905 |
| 17:18 | Investigar | Tech 906 |
| 17:20 | Crear | Villager (Male) |
| 17:20 | Crear | Villager (Male) |
| 17:37 | Crear | Villager (Male) |
| 17:41 | Crear | Villager (Male) |
| 17:41 | Crear | Villager (Male) |
| 17:46 | Crear | Villager (Male) |
| 17:46 | Crear | Villager (Male) |
| 17:53 | Crear | Fishing Ship |
| 17:53 | Crear | Fishing Ship |
| 17:54 | Crear | Fishing Ship |
| 18:18 | Construir | Dock |
| 18:22 | Crear | Fishing Ship |
| 18:23 | Crear | Fishing Ship |
| 18:23 | Crear | Villager (Male) |
| 18:24 | Crear | Villager (Male) |
| 18:44 | Crear | Villager (Male) |
| 18:44 | Crear | Villager (Male) |
| 18:58 | Construir | House |
| 18:59 | Construir | House |
| 19:00 | Construir | House |
| 19:03 | Construir | House |
| 19:04 | Crear | Villager (Male) |
| 19:05 | Crear | Villager (Male) |
| 19:05 | Crear | Villager (Male) |
| 19:08 | Investigar | Gillnets |
| 19:08 | Crear | Fishing Ship |
| 19:09 | Crear | Fishing Ship |
| 19:10 | Crear | Villager (Male) |
| 19:10 | Crear | Villager (Male) |
| 19:22 | Construir | Fish Trap |
| 19:23 | Construir | Fish Trap |
| 19:28 | Crear | Villager (Male) |
| 19:28 | Crear | Villager (Male) |
| 19:31 | Crear | Demolition Raft |
| 19:32 | Crear | Villager (Male) |
| 19:35 | Construir | Dock |
| 19:43 | Construir | House |
| 19:44 | Construir | House |
| 19:45 | Crear | Villager (Male) |
| 19:45 | Crear | Villager (Male) |
| 19:50 | Crear | Fishing Ship |
| 19:50 | Crear | Fishing Ship |
| 19:51 | Crear | Fishing Ship |
| 19:51 | Crear | Fishing Ship |
| 20:22 | Construir | House |
| 20:23 | Construir | House |
| 20:43 | Crear | Villager (Male) |
| 20:44 | Construir | Fish Trap |
| 20:46 | Construir | Fish Trap |
| 20:47 | Construir | Fish Trap |
| 20:49 | Construir | Fish Trap |
| 20:50 | Construir | Fish Trap |
| 20:52 | Construir | Fish Trap |
| 20:53 | Construir | Fish Trap |
| 20:57 | Construir | House |
| 20:58 | Construir | House |
| 20:59 | Construir | House |
| 21:00 | Construir | House |
| 21:00 | Construir | House |
| 21:02 | Crear | Villager (Male) |
| 21:06 | Construir | Fish Trap |
| 21:09 | Construir | Fish Trap |
| 21:13 | Crear | Fishing Ship ×5 |
| 21:19 | Construir | Dock |
| 21:26 | Construir | Fish Trap |
| 21:37 | Construir | Lumber Camp |
| 21:41 | Construir | Lumber Camp |
| 21:47 | Crear | Villager (Male) |
| 21:48 | Crear | Villager (Male) |
| 21:57 | Crear | Trade Cart |
| 21:57 | Crear | Villager (Male) |
| 21:58 | Crear | Villager (Male) |
| 21:58 | Crear | Villager (Male) |
| 22:01 | Crear | Villager (Male) |
| 22:12 | Construir | Fish Trap |
| 22:14 | Construir | Fish Trap |
| 22:18 | Construir | Fish Trap |
| 22:22 | Construir | Fish Trap |
| 22:23 | Crear | Villager (Male) |
| 22:26 | Crear | Demolition Raft |
| 22:29 | Crear | Fishing Ship ×5 |
Build order — Ez4u2nv
Primeras 150 de 346 acciones detectadas
| 0:01 | Crear | Villager (Male) |
| 0:01 | Crear | Villager (Male) |
| 0:02 | Construir | House |
| 0:03 | Construir | House |
| 0:06 | Crear | Villager (Male) |
| 0:06 | Crear | Villager (Male) |
| 0:06 | Crear | Villager (Male) |
| 0:18 | Construir | Mill |
| 1:45 | Crear | Villager (Male) |
| 2:11 | Crear | Villager (Male) |
| 2:12 | Crear | Villager (Male) |
| 2:37 | Crear | Villager (Male) |
| 3:03 | Crear | Villager (Male) |
| 3:07 | Crear | Villager (Male) |
| 3:30 | Crear | Villager (Male) |
| 3:52 | Construir | House |
| 3:56 | Crear | Villager (Male) |
| 4:07 | Construir | Lumber Camp |
| 4:22 | Crear | Villager (Male) |
| 4:33 | Investigar | Loom |
| 5:06 | Crear | Villager (Male) |
| 5:06 | Crear | Villager (Male) |
| 5:27 | Construir | Palisade Wall |
| 5:36 | Construir | House |
| 5:50 | Construir | House |
| 5:59 | Crear | Villager (Male) |
| 6:00 | Crear | Villager (Male) |
| 6:23 | Crear | Villager (Male) |
| 7:03 | Investigar | Feudal Age |
| 7:46 | Construir | Palisade Wall |
| 7:58 | Construir | Palisade Wall |
| 7:59 | Construir | Palisade Wall |
| 8:34 | Construir | Barracks |
| 9:12 | Crear | Villager (Male) |
| 9:12 | Crear | Villager (Male) |
| 9:12 | Crear | Villager (Male) |
| 9:13 | Edad | Edad Feudal |
| 9:20 | Crear | Villager (Male) |
| 9:27 | Construir | Mining Camp |
| 9:35 | Construir | Palisade Wall |
| 9:52 | Construir | Market |
| 9:53 | Construir | Blacksmith |
| 10:47 | Crear | Villager (Male) |
| 11:26 | Crear | Villager (Male) |
| 11:54 | Crear | Villager (Male) |
| 12:44 | Construir | Mining Camp |
| 12:48 | Investigar | Castle Age |
| 13:01 | Construir | Stone Wall |
| 13:04 | Construir | Stone Wall |
| 13:10 | Construir | Stone Wall |
| 13:43 | Investigar | Double-Bit Axe |
| 13:56 | Investigar | Horse Collar |
| 13:56 | Investigar | Horse Collar |
| 14:16 | Construir | Outpost |
| 14:27 | Construir | Outpost |
| 14:33 | Construir | Stone Wall |
| 14:37 | Crear | Villager (Male) |
| 14:37 | Crear | Villager (Male) |
| 15:19 | Construir | Stone Wall |
| 15:24 | Crear | Villager (Male) |
| 15:28 | Edad | Edad de los Castillos |
| 15:44 | Construir | Town Center |
| 16:02 | Construir | Siege Workshop |
| 16:11 | Crear | Villager (Male) |
| 16:34 | Construir | House |
| 16:35 | Construir | House |
| 16:48 | Crear | Villager (Male) |
| 16:48 | Crear | Villager (Male) |
| 16:51 | Crear | Mangonel |
| 17:07 | Investigar | Wheelbarrow |
| 17:09 | Crear | Villager (Male) |
| 17:09 | Crear | Villager (Male) |
| 17:30 | Crear | Villager (Male) |
| 17:30 | Crear | Villager (Male) |
| 17:38 | Crear | Villager (Male) |
| 17:39 | Crear | Villager (Male) |
| 17:42 | Construir | House |
| 17:47 | Crear | Mangonel |
| 17:58 | Crear | Villager (Male) |
| 18:13 | Construir | Gate |
| 18:15 | Construir | House |
| 18:20 | Crear | Villager (Male) |
| 18:24 | Construir | Farm |
| 18:26 | Construir | Farm |
| 18:59 | Crear | Villager (Male) |
| 19:01 | Construir | Farm |
| 19:30 | Crear | Villager (Male) |
| 19:31 | Crear | Villager (Male) |
| 19:31 | Crear | Villager (Male) |
| 19:39 | Construir | Castle |
| 19:59 | Construir | Stone Wall |
| 20:00 | Crear | Villager (Male) |
| 20:01 | Crear | Villager (Male) |
| 20:01 | Crear | Villager (Male) |
| 20:05 | Construir | Farm |
| 20:06 | Construir | Farm |
| 20:06 | Construir | Farm |
| 20:06 | Construir | Farm |
| 20:06 | Construir | Farm |
| 20:07 | Construir | Farm |
| 20:33 | Crear | Villager (Male) |
| 20:47 | Construir | Town Center |
| 20:57 | Crear | Villager (Male) |
| 20:57 | Crear | Villager (Male) |
| 21:00 | Construir | Farm |
| 21:08 | Construir | House |
| 21:14 | Crear | Villager (Male) |
| 21:17 | Construir | Farm |
| 21:28 | Crear | Villager (Male) |
| 21:36 | Construir | Stone Wall |
| 21:38 | Construir | Stone Wall |
| 21:41 | Construir | Stone Wall |
| 21:47 | Crear | Villager (Male) |
| 21:47 | Crear | Villager (Male) |
| 21:48 | Crear | Villager (Male) |
| 21:48 | Crear | Villager (Male) |
| 21:52 | Construir | Farm |
| 21:52 | Construir | Farm |
| 21:53 | Construir | Farm |
| 21:53 | Construir | Farm |
| 21:53 | Construir | Farm |
| 21:53 | Construir | Farm |
| 22:08 | Construir | Farm |
| 22:09 | Crear | Villager (Male) |
| 22:11 | Crear | Villager (Male) |
| 22:19 | Construir | Gate |
| 22:21 | Construir | Stone Wall |
| 22:27 | Crear | Villager (Male) |
| 22:27 | Crear | Villager (Male) |
| 22:31 | Construir | Farm |
| 22:32 | Construir | Farm |
| 22:48 | Construir | Stone Wall |
| 22:56 | Construir | Monastery |
| 22:58 | Crear | Villager (Male) |
| 22:58 | Crear | Villager (Male) |
| 22:58 | Crear | Villager (Male) |
| 23:08 | Construir | Farm |
| 23:08 | Construir | Farm |
| 23:09 | Construir | Farm |
| 23:09 | Construir | Farm |
| 23:09 | Construir | Farm |
| 23:09 | Construir | Farm |
| 23:12 | Crear | Villager (Male) |
| 23:13 | Crear | Villager (Male) |
| 23:32 | Crear | Villager (Male) |
| 23:32 | Crear | Villager (Male) |
| 23:33 | Crear | Villager (Male) |
| 23:33 | Crear | Villager (Male) |
| 23:43 | Construir | Farm |
| 23:46 | Construir | Farm |
Build order — Kn0wn
Primeras 150 de 413 acciones detectadas
| 0:01 | Crear | Villager (Male) |
| 0:01 | Crear | Villager (Male) |
| 0:02 | Construir | House |
| 0:03 | Construir | House |
| 0:13 | Construir | Dock |
| 0:38 | Crear | Villager (Male) |
| 0:38 | Crear | Villager (Male) |
| 0:38 | Crear | Villager (Male) |
| 0:38 | Crear | Villager (Male) |
| 1:31 | Crear | Villager (Male) |
| 2:07 | Crear | Villager (Male) |
| 2:07 | Crear | Villager (Male) |
| 2:37 | Crear | Villager (Male) |
| 2:38 | Crear | Villager (Male) |
| 2:38 | Crear | Villager (Male) |
| 3:10 | Crear | Villager (Male) |
| 3:10 | Crear | Villager (Male) |
| 3:40 | Construir | House |
| 3:47 | Construir | Lumber Camp |
| 3:53 | Crear | Villager (Male) |
| 3:53 | Crear | Villager (Male) |
| 4:08 | Crear | Villager (Male) |
| 4:09 | Crear | Villager (Male) |
| 4:26 | Crear | Villager (Male) |
| 4:27 | Crear | Villager (Male) |
| 5:01 | Crear | Fishing Ship |
| 5:06 | Crear | Villager (Male) |
| 5:07 | Crear | Villager (Male) |
| 5:07 | Crear | Villager (Male) |
| 5:12 | Construir | House |
| 5:45 | Crear | Villager (Male) |
| 5:45 | Crear | Villager (Male) |
| 5:45 | Crear | Villager (Male) |
| 5:48 | Construir | House |
| 5:51 | Crear | Fishing Ship |
| 5:51 | Crear | Fishing Ship |
| 6:19 | Crear | Fishing Ship |
| 6:20 | Crear | Fishing Ship |
| 6:28 | Crear | Villager (Male) |
| 6:28 | Crear | Villager (Male) |
| 6:30 | Construir | House |
| 6:44 | Crear | Villager (Male) |
| 6:44 | Crear | Villager (Male) |
| 6:45 | Crear | Villager (Male) |
| 7:06 | Construir | House |
| 7:10 | Crear | Villager (Male) |
| 7:19 | Crear | Villager (Male) |
| 7:19 | Crear | Villager (Male) |
| 7:23 | Crear | Fishing Ship |
| 7:23 | Crear | Fishing Ship |
| 7:50 | Crear | Fishing Ship |
| 7:50 | Crear | Fishing Ship |
| 8:16 | Construir | Mining Camp |
| 8:20 | Crear | Villager (Male) |
| 8:52 | Construir | Mill |
| 9:02 | Investigar | Feudal Age |
| 9:29 | Crear | Fishing Ship |
| 9:29 | Crear | Fishing Ship |
| 9:37 | Crear | Fishing Ship |
| 9:38 | Crear | Fishing Ship |
| 10:02 | Crear | Villager (Male) |
| 10:14 | Construir | House |
| 10:22 | Crear | Villager (Male) |
| 11:06 | Edad | Edad Feudal |
| 11:13 | Construir | Market |
| 11:22 | Construir | Blacksmith |
| 11:35 | Construir | Stone Wall |
| 11:37 | Construir | Stone Wall |
| 12:07 | Investigar | Castle Age |
| 12:22 | Construir | Barracks |
| 12:56 | Crear | Fishing Ship |
| 12:59 | Crear | Villager (Male) |
| 13:01 | Crear | Villager (Male) |
| 13:48 | Construir | Stable |
| 14:02 | Construir | House |
| 14:02 | Construir | House |
| 14:06 | Investigar | Scale Barding Armor |
| 14:26 | Construir | Stable |
| 14:32 | Edad | Edad de los Castillos |
| 14:44 | Crear | Knight |
| 14:44 | Crear | Knight |
| 14:51 | Investigar | Double-Bit Axe |
| 14:51 | Investigar | Double-Bit Axe |
| 15:08 | Crear | Villager (Male) |
| 15:10 | Crear | Villager (Male) |
| 15:55 | Crear | Knight ×2 |
| 15:55 | Crear | Knight ×2 |
| 16:06 | Construir | Siege Workshop |
| 16:15 | Crear | Knight |
| 16:15 | Crear | Knight |
| 16:17 | Crear | Villager (Male) |
| 16:25 | Construir | Fish Trap |
| 16:27 | Construir | Fish Trap |
| 16:29 | Construir | Fish Trap |
| 16:33 | Crear | Villager (Male) |
| 16:33 | Crear | Villager (Male) |
| 16:51 | Crear | Knight |
| 16:52 | Crear | Knight |
| 16:52 | Crear | Knight |
| 16:52 | Crear | Knight |
| 17:07 | Construir | Fish Trap |
| 17:17 | Investigar | Loom |
| 17:24 | Construir | Mill |
| 17:28 | Crear | Villager (Male) |
| 17:28 | Crear | Villager (Male) |
| 17:51 | Crear | Scorpion |
| 17:52 | Crear | Scorpion |
| 17:53 | Construir | House |
| 17:56 | Construir | Fish Trap |
| 18:05 | Construir | Fish Trap |
| 18:19 | Construir | Palisade Wall |
| 18:21 | Construir | Palisade Wall |
| 18:24 | Crear | Scorpion |
| 18:24 | Crear | Scorpion |
| 18:33 | Crear | Villager (Male) |
| 18:35 | Construir | Farm |
| 18:36 | Construir | Farm |
| 18:37 | Construir | Farm |
| 18:47 | Crear | Villager (Male) |
| 18:55 | Construir | Fish Trap |
| 19:15 | Crear | Scorpion |
| 19:15 | Crear | Scorpion |
| 19:34 | Crear | Villager (Male) |
| 19:34 | Crear | Villager (Male) |
| 19:36 | Construir | Farm |
| 19:39 | Construir | Fish Trap |
| 19:41 | Crear | Villager (Male) |
| 19:41 | Crear | Villager (Male) |
| 19:49 | Crear | Scorpion |
| 19:49 | Crear | Scorpion |
| 20:01 | Crear | Villager (Male) |
| 20:02 | Crear | Villager (Male) |
| 20:08 | Construir | Farm |
| 20:09 | Construir | Farm |
| 20:11 | Construir | Farm |
| 20:13 | Crear | Villager (Male) |
| 20:21 | Construir | House |
| 20:40 | Investigar | Bow Saw |
| 20:40 | Investigar | Bow Saw |
| 20:45 | Construir | Farm |
| 20:45 | Construir | Farm |
| 20:52 | Crear | Villager (Male) |
| 20:53 | Crear | Villager (Male) |
| 20:54 | Crear | Villager (Male) |
| 20:55 | Crear | Villager (Male) |
| 20:55 | Crear | Villager (Male) |
| 21:22 | Investigar | Bloodlines |
| 21:22 | Investigar | Bloodlines |
| 21:27 | Construir | Farm |
| 21:30 | Crear | Villager (Male) |
Build order — Tchitchi
Primeras 150 de 375 acciones detectadas
| 0:01 | Crear | Villager (Male) |
| 0:01 | Crear | Villager (Male) |
| 0:02 | Construir | House |
| 0:04 | Construir | House |
| 0:16 | Crear | Villager (Male) |
| 0:17 | Crear | Villager (Male) |
| 1:30 | Crear | Villager (Male) |
| 1:46 | Construir | Lumber Camp |
| 1:57 | Crear | Villager (Male) |
| 2:16 | Crear | Villager (Male) |
| 2:48 | Crear | Villager (Male) |
| 3:08 | Crear | Villager (Male) |
| 3:19 | Construir | House |
| 3:30 | Crear | Villager (Male) |
| 4:03 | Crear | Villager (Male) |
| 4:28 | Crear | Villager (Male) |
| 4:50 | Crear | Villager (Male) |
| 5:09 | Construir | Dock |
| 5:17 | Crear | Villager (Male) |
| 5:31 | Crear | Villager (Male) |
| 5:54 | Construir | House |
| 6:09 | Crear | Villager (Male) |
| 6:16 | Crear | Fishing Ship |
| 6:16 | Crear | Fishing Ship |
| 6:24 | Construir | House |
| 6:30 | Crear | Villager (Male) |
| 6:30 | Crear | Villager (Male) |
| 6:40 | Crear | Fishing Ship |
| 6:53 | Crear | Villager (Male) |
| 7:07 | Crear | Villager (Male) |
| 7:11 | Crear | Fishing Ship |
| 7:29 | Construir | Mill |
| 7:49 | Crear | Villager (Male) |
| 7:51 | Crear | Fishing Ship |
| 7:55 | Construir | House |
| 8:24 | Construir | Mining Camp |
| 8:45 | Investigar | Loom |
| 9:05 | Crear | Fishing Ship |
| 9:28 | Investigar | Feudal Age |
| 9:47 | Crear | Fishing Ship |
| 10:20 | Crear | Villager (Male) |
| 10:20 | Crear | Villager (Male) |
| 10:31 | Construir | House |
| 11:38 | Edad | Edad Feudal |
| 11:40 | Construir | Market |
| 11:45 | Construir | Blacksmith |
| 12:26 | Crear | Villager (Male) |
| 12:29 | Crear | Fishing Ship |
| 12:54 | Crear | Villager (Male) |
| 13:15 | Construir | Fish Trap |
| 13:17 | Construir | Fish Trap |
| 13:20 | Construir | Fish Trap |
| 13:22 | Construir | Fish Trap |
| 13:46 | Investigar | Castle Age |
| 13:53 | Construir | House |
| 13:55 | Construir | House |
| 14:11 | Construir | Fish Trap |
| 14:53 | Investigar | Double-Bit Axe |
| 14:55 | Investigar | Tech 906 |
| 14:59 | Construir | Fish Trap |
| 15:10 | Construir | House |
| 15:17 | Crear | Villager (Male) |
| 16:16 | Crear | Villager (Male) |
| 16:26 | Edad | Edad de los Castillos |
| 16:36 | Construir | House |
| 16:36 | Construir | House |
| 16:45 | Construir | Town Center |
| 16:51 | Construir | Fish Trap |
| 16:53 | Crear | Villager (Male) |
| 17:07 | Construir | Town Center |
| 17:11 | Crear | Villager (Male) |
| 17:40 | Crear | Villager (Male) |
| 17:42 | Crear | Fishing Ship |
| 17:47 | Construir | Dock |
| 18:00 | Crear | Villager (Male) |
| 18:02 | Investigar | Bow Saw |
| 18:07 | Investigar | Gillnets |
| 18:09 | Crear | Villager (Male) |
| 18:09 | Crear | Villager (Male) |
| 18:11 | Crear | Villager (Male) |
| 18:22 | Crear | Villager (Male) |
| 18:22 | Crear | Villager (Male) |
| 18:28 | Construir | Fish Trap |
| 18:34 | Construir | House |
| 18:34 | Construir | House |
| 18:39 | Crear | Fishing Ship |
| 18:45 | Crear | Fishing Ship |
| 18:54 | Crear | Villager (Male) |
| 18:55 | Crear | Villager (Male) |
| 18:55 | Crear | Villager (Male) |
| 18:56 | Crear | Villager (Male) |
| 18:59 | Crear | Villager (Male) |
| 19:10 | Construir | Dock |
| 19:16 | Crear | Fishing Ship |
| 19:16 | Crear | Fishing Ship |
| 19:27 | Construir | Fish Trap |
| 19:34 | Construir | Fish Trap |
| 19:35 | Crear | Villager (Male) |
| 19:36 | Crear | Villager (Male) |
| 19:36 | Crear | Villager (Male) |
| 19:51 | Crear | Villager (Male) |
| 20:04 | Construir | Stone Wall |
| 20:06 | Construir | Gate |
| 20:09 | Construir | Fish Trap |
| 20:11 | Construir | Fish Trap |
| 20:13 | Crear | Fishing Ship |
| 20:13 | Crear | Fishing Ship |
| 20:13 | Crear | Fishing Ship |
| 20:13 | Crear | Fishing Ship |
| 20:15 | Crear | Fishing Ship |
| 20:16 | Crear | Fishing Ship |
| 20:16 | Crear | Fishing Ship |
| 20:19 | Crear | Villager (Male) |
| 20:23 | Construir | House |
| 20:24 | Construir | House |
| 20:24 | Construir | House |
| 20:26 | Crear | Villager (Male) |
| 20:26 | Crear | Villager (Male) |
| 20:27 | Crear | Villager (Male) |
| 20:43 | Crear | Villager (Male) |
| 20:48 | Crear | Villager (Male) |
| 20:58 | Construir | Dock |
| 21:00 | Construir | Fish Trap |
| 21:03 | Construir | Fish Trap |
| 21:05 | Construir | Fish Trap |
| 21:09 | Crear | Fishing Ship |
| 21:10 | Crear | Fishing Ship |
| 21:10 | Crear | Fishing Ship |
| 21:14 | Crear | Villager (Male) |
| 21:20 | Crear | Villager (Male) |
| 21:20 | Crear | Villager (Male) |
| 21:35 | Construir | Fish Trap |
| 21:37 | Construir | Fish Trap |
| 21:39 | Construir | Fish Trap |
| 21:42 | Crear | Fishing Ship |
| 21:42 | Crear | Fishing Ship |
| 21:42 | Crear | Fishing Ship |
| 21:43 | Crear | Fishing Ship |
| 21:47 | Crear | Villager (Male) |
| 21:47 | Crear | Villager (Male) |
| 21:48 | Crear | Villager (Male) |
| 21:48 | Crear | Villager (Male) |
| 21:59 | Crear | Villager (Male) |
| 22:02 | Construir | House |
| 22:02 | Construir | House |
| 22:02 | Construir | House |
| 22:03 | Construir | House |
| 22:03 | Construir | House |
| 22:03 | Construir | House |
| 22:04 | Construir | House |
Build order — chiu_sharon
Primeras 150 de 403 acciones detectadas
| 0:01 | Crear | Villager (Male) |
| 0:01 | Crear | Villager (Male) |
| 0:02 | Construir | House |
| 0:03 | Construir | House |
| 0:03 | Crear | Villager (Male) |
| 0:03 | Crear | Villager (Male) |
| 0:04 | Crear | Villager (Male) |
| 0:04 | Crear | Villager (Male) |
| 1:25 | Crear | Villager (Male) |
| 2:09 | Crear | Villager (Male) |
| 2:09 | Crear | Villager (Male) |
| 2:36 | Crear | Villager (Male) |
| 2:36 | Crear | Villager (Male) |
| 2:36 | Crear | Villager (Male) |
| 2:39 | Crear | Villager (Male) |
| 2:39 | Crear | Villager (Male) |
| 2:40 | Crear | Villager (Male) |
| 3:06 | Crear | Villager (Male) |
| 3:42 | Construir | Lumber Camp |
| 3:48 | Crear | Villager (Male) |
| 3:48 | Crear | Villager (Male) |
| 3:48 | Crear | Villager (Male) |
| 3:56 | Construir | House |
| 4:11 | Crear | Villager (Male) |
| 4:12 | Crear | Villager (Male) |
| 4:12 | Crear | Villager (Male) |
| 4:13 | Crear | Villager (Male) |
| 4:59 | Construir | House |
| 5:01 | Crear | Villager (Male) |
| 5:02 | Crear | Villager (Male) |
| 5:47 | Crear | Villager (Male) |
| 6:17 | Investigar | Loom |
| 6:18 | Crear | Villager (Male) |
| 6:18 | Crear | Villager (Male) |
| 7:06 | Construir | Mill |
| 7:08 | Crear | Villager (Male) |
| 7:08 | Crear | Villager (Male) |
| 7:08 | Crear | Villager (Male) |
| 7:34 | Crear | Villager (Male) |
| 7:34 | Crear | Villager (Male) |
| 8:56 | Investigar | Feudal Age |
| 8:56 | Investigar | Feudal Age |
| 9:32 | Construir | Mining Camp |
| 10:38 | Crear | Villager (Male) |
| 10:46 | Construir | House |
| 11:06 | Edad | Edad Feudal |
| 11:15 | Construir | Market |
| 11:22 | Crear | Villager (Male) |
| 11:57 | Crear | Villager (Male) |
| 11:57 | Crear | Villager (Male) |
| 12:02 | Construir | Blacksmith |
| 12:28 | Construir | Lumber Camp |
| 12:45 | Crear | Villager (Male) |
| 12:58 | Construir | House |
| 13:12 | Investigar | Castle Age |
| 13:16 | Investigar | Double-Bit Axe |
| 13:42 | Construir | House |
| 13:43 | Construir | House |
| 14:06 | Investigar | Horse Collar |
| 14:45 | Construir | Farm |
| 15:00 | Crear | Villager (Male) |
| 15:10 | Crear | Villager (Male) |
| 15:43 | Construir | Barracks |
| 15:52 | Edad | Edad de los Castillos |
| 16:02 | Construir | Town Center |
| 16:25 | Crear | Spearman |
| 16:25 | Crear | Spearman |
| 16:25 | Crear | Spearman |
| 16:28 | Investigar | Pikeman (upgrade) |
| 16:49 | Construir | Palisade Gate |
| 16:51 | Construir | House |
| 16:52 | Construir | House |
| 16:54 | Crear | Villager (Male) |
| 16:55 | Crear | Villager (Male) |
| 16:55 | Crear | Villager (Male) |
| 16:55 | Crear | Villager (Male) |
| 17:01 | Construir | Farm |
| 17:02 | Construir | Farm |
| 17:25 | Construir | Barracks |
| 17:44 | Crear | Spearman ×5 |
| 17:49 | Construir | Farm |
| 18:07 | Crear | Spearman |
| 18:09 | Crear | Spearman |
| 18:10 | Crear | Spearman |
| 18:18 | Crear | Villager (Male) |
| 18:19 | Crear | Villager (Male) |
| 18:19 | Crear | Villager (Male) |
| 18:19 | Crear | Villager (Male) |
| 18:31 | Construir | Farm |
| 18:36 | Construir | Farm |
| 18:59 | Construir | Farm |
| 19:00 | Construir | Farm |
| 19:01 | Construir | Farm |
| 19:05 | Construir | Farm |
| 19:07 | Crear | Villager (Male) |
| 19:08 | Crear | Villager (Male) |
| 19:08 | Crear | Villager (Male) |
| 19:08 | Crear | Villager (Male) |
| 19:34 | Crear | Villager (Male) |
| 19:44 | Construir | Town Center |
| 20:01 | Crear | Villager (Male) |
| 20:01 | Crear | Villager (Male) |
| 20:02 | Crear | Villager (Male) |
| 20:11 | Construir | Siege Workshop |
| 20:16 | Crear | Villager (Male) |
| 20:29 | Crear | Villager (Male) |
| 20:30 | Crear | Villager (Male) |
| 20:33 | Construir | Farm |
| 20:35 | Construir | Farm |
| 20:37 | Construir | Farm |
| 20:52 | Crear | Villager (Male) |
| 20:53 | Crear | Villager (Male) |
| 21:05 | Crear | Villager (Male) |
| 21:05 | Crear | Villager (Male) |
| 21:05 | Crear | Villager (Male) |
| 21:09 | Crear | Mangonel |
| 21:09 | Crear | Mangonel |
| 21:17 | Construir | House |
| 21:26 | Crear | Villager (Male) |
| 21:27 | Crear | Villager (Male) |
| 21:27 | Crear | Villager (Male) |
| 21:35 | Crear | Villager (Male) |
| 21:35 | Crear | Villager (Male) |
| 21:43 | Construir | Farm |
| 21:47 | Construir | Farm |
| 21:52 | Crear | Villager (Male) |
| 21:56 | Construir | Farm |
| 21:57 | Construir | Farm |
| 22:06 | Crear | Mangonel |
| 22:06 | Crear | Mangonel |
| 22:06 | Crear | Mangonel |
| 22:12 | Crear | Villager (Male) |
| 22:12 | Crear | Villager (Male) |
| 22:12 | Crear | Villager (Male) |
| 22:12 | Crear | Villager (Male) |
| 22:25 | Crear | Villager (Male) |
| 22:26 | Crear | Villager (Male) |
| 22:31 | Construir | Farm |
| 22:36 | Construir | Farm |
| 22:37 | Crear | Villager (Male) |
| 22:37 | Crear | Villager (Male) |
| 22:42 | Construir | Farm |
| 22:43 | Construir | Farm |
| 23:00 | Crear | Villager (Male) |
| 23:00 | Crear | Villager (Male) |
| 23:00 | Crear | Villager (Male) |
| 23:00 | Crear | Villager (Male) |
| 23:06 | Construir | Farm |
| 23:07 | Construir | Farm |
| 23:08 | Construir | Farm |
Cronología de la partida
| 0:13 | Kn0wn · first_building Dock |
| 1:27 | player0 · wall_segment Palisade Wall x6 |
| 1:32 | player0 · wall_segment Palisade Wall x5 |
| 2:44 | jaszkowska.aleksandra · wall_segment Palisade Wall x1 |
| 3:00 | jaszkowska.aleksandra · wall_segment Palisade Wall x8 |
| 3:55 | zaanosaurus · first_building Dock |
| 4:12 | player0 · wall_segment Palisade Wall x4 |
| 4:30 | player0 · wall_segment Palisade Wall x1 |
| 5:09 | Tchitchi · first_building Dock |
| 5:27 | Ez4u2nv · wall_segment Palisade Wall x7 |
| 5:45 | zaanosaurus · wall_segment Palisade Wall x8 |
| 5:47 | Burmese Python · first_building Dock |
| 6:05 | zaanosaurus · wall_segment Palisade Wall x4 |
| 6:29 | zaanosaurus · wall_segment Palisade Wall x11 |
| 6:33 | player0 · wall_segment Palisade Wall x1 |
| 6:34 | player0 · wall_segment Palisade Wall x1 |
| 6:43 | zaanosaurus · wall_segment Palisade Wall x7 |
| 7:31 | zaanosaurus · wall_segment Palisade Wall x1 |
| 7:36 | player0 · wall_segment Palisade Wall x1 |
| 7:40 | jaszkowska.aleksandra · wall_segment Palisade Wall x4 |
| 7:46 | Ez4u2nv · wall_segment Palisade Wall x8 |
| 7:47 | player0 · wall_segment Palisade Wall x1 |
| 7:50 | player0 · wall_segment Palisade Wall x1 |
| 7:54 | zaanosaurus · wall_segment Palisade Wall x1 |
| 7:55 | zaanosaurus · wall_segment Palisade Wall x1 |
| 7:58 | Ez4u2nv · wall_segment Palisade Wall x1 |
| 7:59 | Ez4u2nv · wall_segment Palisade Wall x1 |
| 8:26 | zaanosaurus · wall_segment Palisade Wall x1 |
| 8:32 | zaanosaurus · wall_segment Palisade Wall x1 |
| 8:33 | zaanosaurus · wall_segment Palisade Wall x1 |
| 8:34 | Ez4u2nv · first_building Barracks |
| 8:34 | zaanosaurus · wall_segment Palisade Wall x1 |
| 8:36 | zaanosaurus · wall_segment Palisade Wall x1 |
| 8:37 | zaanosaurus · wall_segment Palisade Wall x1 |
| 8:39 | zaanosaurus · wall_segment Palisade Wall x1 |
| 8:42 | zaanosaurus · wall_segment Palisade Wall x1 |
| 8:50 | zaanosaurus · wall_segment Palisade Wall x1 |
| 8:51 | zaanosaurus · wall_segment Palisade Wall x1 |
| 8:53 | zaanosaurus · wall_segment Palisade Wall x1 |
| 8:56 | zaanosaurus · wall_segment Palisade Wall x1 |
| 9:13 | Ez4u2nv · age_up feudal |
| 9:35 | Ez4u2nv · wall_segment Palisade Wall x1 |
| 11:06 | Kn0wn · age_up feudal |
| 11:06 | chiu_sharon · age_up feudal |
| 11:11 | zaanosaurus · age_up feudal |
| 11:31 | jaszkowska.aleksandra · first_building Barracks |
| 11:32 | zaanosaurus · wall_segment Stone Wall x13 |
| 11:35 | Kn0wn · wall_segment Stone Wall x7 |
| 11:37 | zaanosaurus · wall_segment Stone Wall x1 |
| 11:37 | Kn0wn · wall_segment Stone Wall x17 |
| 11:38 | Tchitchi · age_up feudal |
| 11:38 | zaanosaurus · wall_segment Stone Wall x8 |
| 12:16 | Burmese Python · age_up feudal |
| 12:22 | Kn0wn · first_building Barracks |
| 12:29 | Ez4u2nv · first_market_sell 100 wood |
| 12:30 | Ez4u2nv · first_market_buy 100 food |
| 12:35 | Tchitchi · first_market_buy 100 food |
| 12:36 | Tchitchi · first_market_sell 100 wood |
| 12:53 | jaszkowska.aleksandra · age_up feudal |
| 13:01 | Ez4u2nv · wall_segment Stone Wall x1 |
| 13:04 | Ez4u2nv · wall_segment Stone Wall x9 |
| 13:10 | Ez4u2nv · wall_segment Stone Wall x9 |
| 13:30 | player0 · wall_segment Palisade Wall x8 |
| 13:32 | jaszkowska.aleksandra · first_building Archery Range |
| 13:45 | player0 · wall_segment Palisade Wall x1 |
| 13:46 | player0 · wall_segment Palisade Wall x1 |
| 13:48 | Kn0wn · first_building Stable |
| 14:01 | player0 · age_up feudal |
| 14:32 | Kn0wn · age_up castle |
| 14:33 | Ez4u2nv · wall_segment Stone Wall x1 |
| 15:19 | Ez4u2nv · wall_segment Stone Wall x1 |
| 15:28 | Ez4u2nv · age_up castle |
| 15:42 | jaszkowska.aleksandra · wall_segment Stone Wall x1 |
| 15:43 | chiu_sharon · first_building Barracks |
| 15:50 | Burmese Python · age_up castle |
| 15:52 | chiu_sharon · age_up castle |
| 16:02 | Ez4u2nv · first_building Siege Workshop |
| 16:06 | Kn0wn · first_building Siege Workshop |
| 16:26 | Tchitchi · age_up castle |
| 17:43 | zaanosaurus · age_up castle |
| 18:19 | Kn0wn · wall_segment Palisade Wall x1 |
| 18:21 | Kn0wn · wall_segment Palisade Wall x1 |
| 19:02 | zaanosaurus · first_building Castle |
| 19:39 | Ez4u2nv · first_building Castle |
| 19:40 | zaanosaurus · wall_segment Stone Wall x6 |
| 19:55 | jaszkowska.aleksandra · first_market_buy 100 stone |
| 19:59 | Ez4u2nv · wall_segment Stone Wall x2 |
| 20:04 | Tchitchi · wall_segment Stone Wall x14 |
| 20:11 | chiu_sharon · first_building Siege Workshop |
| 20:20 | zaanosaurus · first_market_buy 100 food |
| 21:36 | Ez4u2nv · wall_segment Stone Wall x2 |
| 21:38 | Ez4u2nv · wall_segment Stone Wall x2 |
| 21:39 | Kn0wn · first_building Monastery |
| 21:41 | Ez4u2nv · wall_segment Stone Wall x3 |
| 21:47 | Burmese Python · first_market_buy 100 food |
| 21:53 | Burmese Python · first_market_sell 100 wood |
| 22:21 | Ez4u2nv · wall_segment Stone Wall x1 |
| 22:48 | Ez4u2nv · wall_segment Stone Wall x9 |
| 22:53 | Tchitchi · first_building Monastery |
| 22:56 | Ez4u2nv · first_building Monastery |
| 23:14 | player0 · age_up castle |
| 23:27 | player0 · first_building Castle |
| 23:30 | zaanosaurus · age_up imperial |
| 23:57 | zaanosaurus · wall_segment Stone Wall x1 |
| 24:37 | Burmese Python · first_building Monastery |
| 24:44 | Ez4u2nv · wall_segment Stone Wall x4 |
| 24:45 | Ez4u2nv · wall_segment Stone Wall x1 |
| 24:45 | Ez4u2nv · wall_segment Stone Wall x1 |
| 24:47 | Tchitchi · first_building Barracks |
| 25:00 | jaszkowska.aleksandra · wall_segment Stone Wall x4 |
| 25:07 | Burmese Python · first_building Barracks |
| 25:11 | jaszkowska.aleksandra · first_market_sell 100 wood |
| 25:27 | Burmese Python · first_building Castle |
| 25:44 | Ez4u2nv · wall_segment Stone Wall x6 |
| 25:45 | Ez4u2nv · wall_segment Stone Wall x9 |
| 25:49 | Ez4u2nv · wall_segment Stone Wall x4 |
| 25:51 | jaszkowska.aleksandra · wall_segment Stone Wall x5 |
| 25:53 | Ez4u2nv · wall_segment Stone Wall x3 |
| 25:54 | Ez4u2nv · wall_segment Stone Wall x1 |
| 25:55 | Ez4u2nv · wall_segment Stone Wall x1 |
| 26:43 | jaszkowska.aleksandra · wall_segment Stone Wall x9 |
| 26:51 | Tchitchi · wall_segment Stone Wall x11 |
| 26:52 | Tchitchi · wall_segment Stone Wall x7 |
| 26:54 | Ez4u2nv · wall_segment Stone Wall x1 |
| 26:56 | Tchitchi · wall_segment Stone Wall x15 |
| 26:57 | Tchitchi · wall_segment Stone Wall x6 |
| 27:00 | Ez4u2nv · wall_segment Stone Wall x1 |
| 27:17 | Tchitchi · first_building Archery Range |
| 27:25 | Kn0wn · first_market_sell 100 food |
| 27:40 | Ez4u2nv · wall_segment Stone Wall x4 |
| 27:48 | jaszkowska.aleksandra · wall_segment Stone Wall x7 |
| 27:48 | Tchitchi · first_building Siege Workshop |
| 27:54 | jaszkowska.aleksandra · age_up castle |
| 27:57 | Ez4u2nv · wall_segment Stone Wall x2 |
| 28:01 | chiu_sharon · first_building Castle |
| 28:06 | jaszkowska.aleksandra · first_building Castle |
| 28:24 | Ez4u2nv · wall_segment Stone Wall x4 |
| 28:41 | Tchitchi · first_building Castle |
| 29:03 | Burmese Python · age_up imperial |
| 29:38 | Tchitchi · wall_segment Stone Wall x1 |
| 29:41 | Burmese Python · first_building Siege Workshop |
| 29:42 | chiu_sharon · age_up imperial |
| 30:20 | Tchitchi · age_up imperial |
| 30:23 | Kn0wn · age_up imperial |
| 30:33 | chiu_sharon · first_building Archery Range |
| 31:09 | player0 · first_building Barracks |
| 31:44 | player0 · first_market_sell 500 wood |
| 32:07 | player0 · first_building Archery Range |
| 32:24 | jaszkowska.aleksandra · first_building Siege Workshop |
| 32:28 | jaszkowska.aleksandra · age_up imperial |
| 33:06 | Ez4u2nv · age_up imperial |
| 33:08 | player0 · first_building Stable |
| 33:13 | Ez4u2nv · first_building Archery Range |
| 34:45 | Kn0wn · first_building Castle |
| 35:04 | player0 · age_up imperial |
| 35:11 | Kn0wn · tribute_sent a jugador 1 |
| 35:11 | Kn0wn · tribute_sent a jugador 2 |
| 35:11 | Kn0wn · tribute_sent a jugador 3 |
| 35:11 | Kn0wn · tribute_sent a jugador 4 |
| 35:11 | Kn0wn · tribute_sent a jugador 5 |
| 35:11 | Kn0wn · tribute_sent a jugador 7 |
| 35:11 | Kn0wn · tribute_sent a jugador 8 |
| 39:17 | chiu_sharon · tribute_sent a jugador 1 |
| 39:17 | chiu_sharon · tribute_sent a jugador 2 |
| 39:17 | chiu_sharon · tribute_sent a jugador 3 |
| 39:17 | chiu_sharon · tribute_sent a jugador 4 |
| 39:17 | chiu_sharon · tribute_sent a jugador 5 |
| 39:17 | chiu_sharon · tribute_sent a jugador 6 |
| 39:17 | chiu_sharon · tribute_sent a jugador 7 |
| 39:20 | Burmese Python · tribute_sent a jugador 1 |
| 39:20 | Burmese Python · tribute_sent a jugador 2 |
| 39:20 | Burmese Python · tribute_sent a jugador 3 |
| 39:20 | Burmese Python · tribute_sent a jugador 5 |
| 39:20 | Burmese Python · tribute_sent a jugador 6 |
| 39:20 | Burmese Python · tribute_sent a jugador 7 |
| 39:20 | Burmese Python · tribute_sent a jugador 8 |
| 39:28 | chiu_sharon · first_building Monastery |
| 39:41 | player0 · first_building Siege Workshop |
| 40:22 | Ez4u2nv · resign |
[ ANÁLISIS IA · 1 CRÉDITO ]
¿Qué pasó realmente en esta partida?
Wolo.gg analiza cada decisión: build order, eco, micro, errores típicos por bracket. Análisis personalizado por WhatsApp o Discord en 30 segundos.
Guía civ
Etíopes
Perfil
Jugador #17874650